 Dungeon Crawl Stone Soup version 0.30.1-4-g462c640d31 (webtiles) character file.

Game seed: 8922049550900892567

65 BillyBaka the Covered (level 3, -1/33 HPs)
             Began as an Armataur Fighter on Sept 4, 2023.
             Slain by an orc
             ... wielding a +0 flail of venom
              (6 damage)
             ... on level 2 of the Dungeon.
             The game lasted 00:05:24 (1724 turns).

BillyBaka the Covered (Armataur Fighter)            Turns: 1724, Time: 00:05:26

Health: -1/33      AC:  7    Str: 23    XL:     3   Next: 92%
Magic:  3/3        EV:  7    Int:  8    God:
Gold:   61         SH:  5    Dex: 15    Spells: 2/2 levels left

rFire   . . .        a - +0 trident
rCold   . . .        c - +0 buckler
rNeg    . . .        b - +0 scale mail
rPois   .            (no helmet)
rElec   .            (no cloak)
rCorr   .            (no gloves)
SInv    .            (no barding)
Will    +....        (no amulet)
Stlth   +            r - +6 ring of dexterity
HPRegen 0.25/turn    o - ring of willpower
MPRegen 0.08/turn

%: roll
@: lethally poisoned (-1 -> -5)
A: large, rugged brown scales 3, deformed body, armoured tail, roll, long
tongue, awkward tongue
a: no special abilities


You were on level 2 of the Dungeon.
You visited 1 branch of the dungeon, and saw 2 of its levels.

You collected 61 gold pieces.

Inventory:

Hand Weapons
 a - a +0 trident (weapon)
Armour
 b - a +0 scale mail (worn)
 c - a +0 buckler (worn)
Jewellery
 o - a ring of willpower (right hand)
 r - a +6 ring of dexterity (left hand)
Scrolls
 e - 2 scrolls of poison {unknown}
 g - a scroll of immolation {unknown}
 l - 2 scrolls of noise {unknown}
 m - a scroll of amnesia {unknown}
 q - 4 scrolls of identify {unknown}
Potions
 d - a potion of might
 f - a potion of lignification {unknown}
 h - a potion of mutation {unknown}
 j - 3 potions of curing
 k - a potion of flight {unknown}
 n - a potion of haste {unknown}


   Skills:
 + Level 3.0 Fighting
 * Level 2.4 Polearms
 + Level 4.0 Armour
 + Level 1.5 Stealth
 + Level 3.7 Shields


You had 2 spell levels left.
You didn't know any spells.
Your spell library contained the following spells:

 Spells                   Type           Power      Damage    Failure   Level
 Magic Dart               Conj           0%         1d3       78%         1
 Call Imp                 Summ           0%         N/A       89%         2
 Mephitic Cloud           Conj/Pois/Air  0%         N/A       98%         3
 Tukima's Dance           Hex            0%         N/A       98%         3
 Passage of Golubria      Tloc           0%         N/A       100%        4
 Yara's Violent Unravell  Hex/Tmut       0%         3d3       100%        5


Dungeon Overview and Level Annotations

Branches:
Dungeon (2/15)

Altars:


Innate Abilities, Weirdness & Mutations

You are completely covered in rugged brown scales. (AC +3, +7% HP)
Armour fits poorly on your strangely shaped body.
You have a long armoured tail.
You roll when moving toward enemies. (Rampage)
Your long tongue fully drains potion bottles. (2x potion effects)
Your tongue gives you trouble enunciating. (1.5x scroll delay)


Message History

You miss the orc wizard.
You tail-slap the orc wizard, but do no damage.
The orc hits you but does no damage.
The orc hits you with a +0 flail of venom!
* * * LOW HITPOINT WARNING * * *
You block the orc wizard's attack.
Blink to where?
Press: ? - help, Dir - move target As you slowly read the scroll labelled VAMPOESHENUBAPH, it crumbles to dust.
It was a scroll of blinking.
You see here a +0 club.
You see here 3 poisoned darts.
You start resting.
An orc is nearby!
You are too injured to fight recklessly!
You are too injured to fight recklessly!
You are too injured to fight recklessly!
You roll towards the orc!
You puncture the orc!
You kill the orc!
You roll towards the orc!
You barely miss the orc. The orc wizard barely misses you.
You block the orc's attack.
You hit the orc.
The orc is moderately wounded.
The orc wizard barely misses you.
The orc hits you with a +0 flail of venom.
You are poisoned.
You hit the orc wizard.
The orc wizard is heavily wounded.
You feel very sick.
The orc wizard hits you but does no damage.
The orc hits you with a +0 flail of venom.
* * * LOW HITPOINT WARNING * * *
You hit the orc wizard but do no damage.
Your tail-slap misses the orc wizard.
The orc wizard is heavily wounded.
You feel sick.
The orc wizard hits you with a +0 dagger.
* * * LOW HITPOINT WARNING * * *
The orc hits you with a +0 flail of venom.
You die...

##...####...###### #.#
...........(.....# #.###
##..#.......####.####...#########
##..#.###..#........o.......(...#
......# #..#.###.####...#######.#
##.)#÷###....###o# #.### #.#
##..#............# ##.#########.#
.......#.......oo# #......oo.##.#
##..##...##.####@###########o...#
....##.####.###.#.###.. #.####
##.)...........###.##.. #.####
#####.####.#.## ##.#.. #..... #.#
#..## ####'## #.#### ###.# #.#.##
#.$...# #(# #...#
#....####.....######### #.###
#####.#.#.....#.8.##.o. #.#
#..##[..oo§....'.##


You could see an orc wizard and 2 orcs.

Vanquished Creatures
  A worm (D:2)
  2 dart slugs (D:1)
  2 orcs (D:2)
  3 ball pythons
  3 endoplasms
  A giant cockroach (D:1)
  4 goblins
  6 hobgoblins
  6 jackals (D:1)
  2 quokkas
  5 bats
  6 frilled lizards
  6 kobolds
  4 rats
51 creatures vanquished.

Notes
Turn   | Place    | Note
-------+----------+-------------------------------------------
     0 | D:1      | BillyBaka the Armataur Fighter began the quest for the Orb.
     0 | D:1      | Reached XP level 1. HP: 19/19 MP: 1/1
   304 | D:1      | Reached XP level 2. HP: 26/26 MP: 2/2
   553 | D:1      | Reached skill level 1 in Stealth
   566 | D:1      | Reached XP level 3. HP: 32/32 MP: 3/3
  1114 | D:2      | Reached skill level 4 in Armour
  1667 | D:2      | Found the +1 Delatra's gloves {ID++}
  1724 | D:2      | Slain by an orc

Illustrated notes

Levels and vault maps discovered:
D:1:      dpeg_arrival_oval, layout_basic, kennysheep_flooded_box
D:2:      layout_loops_ring, grunt_decor_resistance, pf_guarded_unrand_delatra

Skill      XL: |  1  2  3 |
---------------+----------+-----
Polearms       | 2 |  2.4
Stealth        | 1 |  1.5
Fighting       | 3 |  3.0
Armour         | 4 |  4.0
Shields        | |  3.7

Action                     || total
---------------------------++-------
  Melee: Trident           ||   161
         Tailslap          ||    15
    Use: Scroll            ||     1
         Potion            ||     1
 Armour: Scale mail        ||   103
  Dodge: Dodged            ||    46
  Block: Buckler           ||    31
